 Dungeon Crawl Stone Soup version 0.30.1-11-g7821555f0a (webtiles) character file.

Game seed: 2525536145821980382

1329 booth the Chopper (level 8, -3/65 HPs)
             Began as a Demonspawn Monk on Nov 6, 2023.
             Killed by divine providence
             ... invoked by an orc priest
              (15 damage)
             ... on level 6 of the Dungeon.
             The game lasted 00:32:24 (5333 turns).

booth the Chopper (Demonspawn Monk)                 Turns: 5333, Time: 00:32:25

Health: -3/65      AC:  6    Str: 20    XL:     8   Next: 34%
Magic:  8/8        EV: 14    Int: 12    God:
Gold:   278        SH:  0    Dex: 15    Spells: 7/7 levels left

rFire   . . .        a - +0 hand axe
rCold   . . .        (no shield)
rNeg    . . .        i - +0 leather armour
rPois   .            (helmet restricted)
rElec   .            (no cloak)
rCorr   .            k - +2 pair of gloves
SInv    .            (no boots)
Will    .....        (no amulet)
Stlth   +            r - +6 ring of strength
HPRegen 0.30/turn    (no ring)
MPRegen 0.11/turn

%: no passive effects
@: hasted, studying Fighting, very quick
A: horns 2, demonic guardian 2, foul stench 1
a: no special abilities


You were on level 6 of the Dungeon.
You visited 1 branch of the dungeon, and saw 6 of its levels.

You collected 278 gold pieces.

Inventory:

Hand Weapons
 a - a +0 hand axe (weapon)
 j - a +0 mace
 s - a +0 battleaxe
Missiles
 g - 2 boomerangs (quivered)
 m - 7 poisoned darts
Armour
 d - an orb of light
 h - a +0 ring mail
 i - a +0 leather armour (worn)
 k - a +2 pair of gloves (worn)
 p - a +0 kite shield
Jewellery
 r - a +6 ring of strength (left hand)
Wands
 o - a wand of mindburst (12)
Potions
 b - 2 potions of attraction
 c - 2 potions of ambrosia
 e - 4 potions of curing
 l - a potion of flight
 n - a potion of mutation {unknown}


   Skills:
 + Level 6.3 Fighting
 * Level 6.4 Axes
 + Level 3.7 Throwing
 + Level 5.0 Dodging


You had 7 spell levels left.
You didn't know any spells.
Your spell library was empty.

Dungeon Overview and Level Annotations

Branches:
Dungeon (6/15)
 Temple: D:4-7

Altars:
Okawaru
Trog

Annotations:
D:4 1 runed translucent door, Diffident's ghost, amateur HuHu


Innate Abilities, Weirdness & Mutations

You have a pair of horns on your head.
A demonic guardian rushes to your aid.
You may rarely emit foul miasma when damaged in melee.


Message History

You resist with some effort. The orc priest completely misses you.
Your rust devil hits the orc wizard.
The orc wizard seems to be corroded for longer.
You hit the orc wizard.
The orc wizard is almost dead.
You hit the orc. You hit the orc priest. The orc priest misses you.
The orc hits you with a +0 trident.
The orc wizard gestures at you while chanting.
You resist with some effort.
Your rust devil hits the orc wizard.
The orc wizard dies!
Your Dodging skill increases to level 5!
You hit the orc but do no damage. You headbutt the orc.
The orc is heavily wounded.
You barely miss the orc priest.
The orc priest mumbles some strange prayers to Beogh against you.
Pain shoots through your body!
* * * LOW HITPOINT WARNING * * *
The orc misses you.
The orc priest invokes the aid of Beogh against you.
Pain shoots through your body!
* * * LOW HITPOINT WARNING * * *
You feel much better. The orc priest hits you with a +0 whip.
* * * LOW HITPOINT WARNING * * *
The orc hits you with a +0 trident.
* * * LOW HITPOINT WARNING * * *
Your rust devil hits the orc priest.
Your rust devil corrodes the orc priest!
You aren't carrying any scrolls.
You hit the orc. You headbutt the orc.
The orc is almost dead.
You hit the orc priest but do no damage.
The orc priest hits you with a +0 whip.
* * * LOW HITPOINT WARNING * * *
The orc closely misses you. The orc priest barely misses you.
Your rust devil hits the orc priest.
The orc priest seems to be corroded for longer.
You feel yourself speed up.
The orc priest invokes the aid of Beogh against you.
Beogh smites you!
You die...

#... #.#
#..###..## .....
#.# #..# ..# ##..
#.# #..# ..###. #[
#.####.<###.....
#.()))).......#
######..##.#..##.
#..# .......
#..##.#..##.
#...@o......
#<..4o......
#.........#....
....###.####...##.
## #.# #.## ...
_.. .... ### #####


You could see an orc priest (fast, corroded, ally target), an orc and a friendly
rust devil (summoned).

Vanquished Creatures
  An ogre (D:4)
  Blork the orc (D:4)
  2 scorpions
  An orc priest (D:6)
  2 gnoll boudas
  3 hounds
  Natasha (D:2)
  2 iguanas (D:5)
  3 orc wizards
  7 gnolls
  5 adders
  A worm (D:4)
  A dart slug (D:4)
  11 orcs
  7 ball pythons
  3 bats (D:1)
  4 endoplasms
  7 giant cockroaches
  2 goblins
  6 hobgoblins
  2 jackals (D:2)
  4 quokkas
  2 frilled lizards
  A kobold (D:3)
  5 rats
84 creatures vanquished.

Vanquished Creatures (collateral kills)
  Menkaure (D:5)
  A black bear (D:4)
  An ice beast (D:6)
  A centaur (D:5)
  A scorpion (D:6)
  A hound (D:5)
  An orc priest (D:6)
  An orc wizard (D:6)
  An adder (D:4)
  4 gnolls
  2 orcs (D:6)
  A ball python (D:3)
  A bat (D:2)
17 creatures vanquished.

Grand Total: 101 creatures vanquished

Notes
Turn   | Place    | Note
-------+----------+-------------------------------------------
     0 | D:1      | booth the Demonspawn Monk began the quest for the Orb.
     0 | D:1      | Reached XP level 1. HP: 18/18 MP: 1/1
   181 | D:1      | Gained mutation: A weak demonic guardian rushes to your
                  | aid. [demonic ancestry]
   181 | D:1      | Reached XP level 2. HP: 24/24 MP: 2/2
   828 | D:1      | Gained mutation: A demonic guardian rushes to your aid.
                  | [demonic ancestry]
   828 | D:1      | Reached XP level 3. HP: 29/29 MP: 3/3
  1214 | D:2      | Found a faded altar of an unknown god.
  1683 | D:2      | Noticed Natasha
  1692 | D:2      | Killed Natasha
  1693 | D:2      | Reached skill level 1 in Throwing
  1693 | D:2      | Gained mutation: You may rarely emit foul miasma when
                  | damaged in melee. [demonic ancestry]
  1693 | D:2      | Reached XP level 4. HP: 27/35 MP: 4/4
  2040 | D:3      | Found a bloodstained altar of Trog.
  2094 | D:3      | Reached XP level 5. HP: 37/42 MP: 5/5
  2599 | D:4      | Noticed a black bear
  2622 | D:4      | Killed a black bear
  2871 | D:4      | Noticed Blork the orc
  2884 | D:4      | Killed Blork the orc
  2885 | D:4      | Gained mutation: You have a pair of small horns on your
                  | head. [demonic ancestry]
  2885 | D:4      | Reached XP level 6. HP: 13/48 MP: 6/6
  3308 | D:4      | Found a runed translucent door.
  3309 | D:4      | Noticed Diffident's ghost (amateur HuHu)
  3766 | D:4      | Reached skill level 5 in Axes
  3766 | D:4      | Reached XP level 7. HP: 53/55 MP: 7/7
  3977 | D:4      | Identified a scroll of acquirement
  3977 | D:4      | Acquired a manual of Fighting
  3997 | D:5      | Entered Level 5 of the Dungeon
  4126 | D:5      | Noticed Menkaure
  4135 | D:5      | Killed Menkaure
  4136 | D:5      | Reached skill level 5 in Fighting
  5008 | D:6      | Gained mutation: You have a pair of horns on your head.
                  | [demonic ancestry]
  5008 | D:6      | Reached XP level 8. HP: 49/64 MP: 8/8
  5318 | D:6      | Found an iron altar of Okawaru.
  5330 | D:6      | Reached skill level 5 in Dodging
  5330 | D:6      | HP: 1/65 [orc priest/nerve-wracking pain (10)]
  5333 | D:6      | Killed from afar by an orc priest

Illustrated notes

Levels and vault maps discovered:
D:1:      onia_arrival_pyramid, layout_loops_corners
D:2:      layout_basic, shapermc_ecumenical_altar_starsandcircs,
          feat_on_display, uniq_natasha
D:3:      layout_basic, old_standard_altar, hangedman_decor_growths
D:4:      layout_basic, gammafunk_ghost_grave, uniq_blork_the_orc
D:5:      layout_rooms, kennysheep_generic_room_15, uniq_menkaure
D:6:      layout_loops_ring, lemuel_crystal_altar,
          minmay_temple_entry_large_hall, uniq_pikel

Skill      XL: |  1  2  3  4  5  6  7  8 |
---------------+-------------------------+-----
Axes           | 3 4 5 6 |  6.4
Dodging        | 3 4 5 |  5.0
Throwing       | 1 2 3 |  3.7
Fighting       | 4 5 6 |  6.3

Action                     |  1- 3 |  4- 6 |  7- 9 || total
---------------------------+-------+-------+-------++-------
  Melee: Hand axe          |    88 |   108 |    83 ||   279
         Headbutt          |       |    11 |    12 ||    23
         Punch             |       |     3 |       ||     3
  Throw: Dart              |     8 |     6 |       ||    14
         Boomerang         |       |    37 |    39 ||    76
    Use: Scroll            |     4 |     6 |     4 ||    14
         Potion            |     1 |     4 |     4 ||     9
 Armour: Robe              |    30 |    13 |       ||    43
         Leather armour    |       |    11 |    16 ||    27
  Dodge: Dodged            |    57 |    70 |    64 ||   191
